Description

Standard Reaper Helion banshee 3 cc into mine

VOD

https://youtu.be/X8T7M3nHJoE?list=PLoBxKk9n0UWcqoCgAu0zFwhiIpRjmhS3-&t=2802

Replay - LiquidClem v Reynor: Game 4 - 2000 Atmospheres LE

Build Order

Get SALT Encoding   

  14  0:16  Supply Depot  
  15  0:39  Barracks  
  16  0:43  Refinery  
  19  1:27  Reaper, Orbital Command  
  20  1:39  Command Center  
  20  1:47  Supply Depot  
  21  1:58  Marine  
  23  2:11  Factory  
  23  2:21  Barracks Reactor  
  25  2:39  Command Center  
  26  2:52  Orbital Command  
  27  2:58  Starport  
  27  3:03  Refinery  
  27  3:11  Hellion x2  
  34  3:22  Barracks Tech Lab  
  34  3:33  Hellion x2  
  41  3:44  Banshee  
  45  3:52  Orbital Command  
  45  3:54  Cloaking Field  
  46  3:59  Hellion x2  
  51  4:07  Supply Depot  
  51  4:09  Barracks Tech Lab  
  55  4:28  Barracks x2  
  55  4:31  Supply Depot, Factory Reactor  
  56  4:32  Banshee  
  56  4:37  Marine  
  62  4:40  Orbital Command  
  62  4:43  Refinery x2  
  63  4:53  Engineering Bay x2  
  63  4:54  Supply Depot  
  63  4:55  Marine  
  67  5:13  Marine  
  70  5:20  Factory Reactor  
  70  5:22  Stimpack  
  70  5:26  Terran Infantry Armor Level 1, Terran Infantry Weapons Level 1  
  70  5:27  Marine x4  
  76  5:30  Starport Reactor  
  81  5:45  Marine x2  
  86  5:56  Bunker  
  88  6:01  Widow Mine x2  
  97  6:11  Barracks x2  
  99  6:22  Widow Mine  
  99  6:24  Armory  
  105  6:26  Medivac  
  105  6:29  Widow Mine, Factory  
  111  6:34  Refinery  
  114  6:46  Widow Mine  
  119  6:48  Medivac  
  125  7:00  Medivac  
  130  7:01  Widow Mine  
  130  7:05  Combat Shield  
  130  7:09  Command Center  
  130  7:10  Barracks Reactor x2  
  130  7:13  Widow Mine  
  130  7:14  Drilling Claws  
  132  7:18  Widow Mine x2  
  135  7:23  Medivac  
  139  7:30  Medivac  
  139  7:34  Widow Mine  
  146  7:53  Medivac, Terran Infantry Weapons Level 2  
  146  7:55  Refinery  
  149  8:00  Medivac  
  155  8:09  Terran Infantry Armor Level 2  
  155  8:11  Hellion x4  
  159  8:21  Terran Vehicle And Ship Armor Level 1  
  159  8:23  Medivac  
  165  8:34  Medivac  
  159  8:44  Marauder  
  162  8:53  Medivac  
  166  9:00  Planetary Fortress, Barracks x3  
  168  9:06  Marauder  
  178  9:17  Command Center  
  191  9:34  Siege Tank  
  186  9:54  Barracks Tech Lab x2  
  186  9:59  Liberator  
Spawning Tool Build Advisor. Get it on Overwolf

Go to:

Details

  • Created by: boss_starcraft
  • Published on: Jul 18, 2021
  • Modified on: Jul 18, 2021
  • Patch: 4.11.0
  • Difficulty: Medium
Show
View Real Time Build Order
Export as new Build Order

Comments (0)

There are no comments. Be the first!

Create an account to comment!